Workbook
Name _GoBack: NA()
Name _xlfn_SINGLE: NA()
Name Excel_BuiltIn_Print_Area: NA()
Name Excel_BuiltIn_Print_Area: NA()
Name Excel_BuiltIn_Print_Area: NA()
Name Excel_BuiltIn_Print_Area: NA()

Sheet Budget Instructions
A1: Attachment B1 Budget Instructions
A2: ATTACHMENT B
A3: CALIFORNIA’S ACCESS TO VISITATION (AV) GRANT PROGRAM
A5: GRANT APPLICATION PROPOSALS FOR
A6: FISCAL YEAR 2027–2028
A8: BUDGET INSTRUCTIONS AND COURT/SUBCONTRACTOR FORM
A10: Each court and any of its subcontractors is required to submit a grant program budget and written budget justification narrative as part of the grant application proposal. The budget and budget narrative should include a detailed description that explains the proposed cost expenditures for each of the AV grant service areas. The budget will assist Judicial Council program staff determine the reasonableness and cost-effectiveness for the proposed grant program tasks and activities. Costs must be within allowable cost categories and reimbursement guidelines. The court and subcontractors budget is the proposed funding allocation plan that shows how grant funds will be spent during the grant-funding period. Contract agreements between the Judicial Council and the superior court is made for one year only; renewable subject to the availability of federal funding.
A12: The sample budget form and budget justification narratives provide applicants with guidance on how to complete Attachment B1, the court/subcontractor budget form. Applicants should review the Uniform Administrative Requirements, Cost Principles, and Audit Requirements for Federal Awards at 2 CFR Part 200 (https://www.ecfr.gov/current/title-2/part-200), which the U.S. Department of Health and Human Services adopted effective October 1, 2024, replacing 45 CFR Part 75, to determine allowable and unallowable costs.
A14: However, the AV program may not reimburse the court/subcontractor for certain allowable cost categories outlined in the 2 CFR Part 200 cost principles because of funding limitations.
A16: Reimbursement under the grant program is based on actual costs. Pursuant to the contract agreement, if the court is awarded grant funding, the court will need to have a written agreement with their subcontractor and a copy of this agreement between the court and its subcontractors need to be submitted to Judicial Council grant accountant staff at the time invoices are submitted for reimbursement.
A18: BUDGET LINE ITEM REIMBURSABLE CATEGORIES
A19: NOTE: Please do not change the “Date” on the Court and Subcontractor Budget Form. The date of April 1, 2027 is the starting date of the AV funding period and contract agreement effective date. Please note that the budget form will require different information for the court budget form versus the subcontractor budget form.
... A104: The court/subcontractor must comply with the federal program income requirements at 2 CFR 200.307, including certification of compliance during the funding fiscal year. The court/subcontractor should carefully review 2 CFR 200.307 at https://www.ecfr.gov/current/title-2/part-200/section-200.307.

Sheet Applicant Court
A1: Applicant Court Budget Form
A2: CALIFORNIA’S ACCESS TO VISITATION GRANT PROGRAM FOR ENHANCING
A3: RESPONSIBILITY AND OPPORTUNITY FOR NONRESIDENTIAL PARENTS
A6: Fiscal Year 2027–2028
A7: BUDGET FORM AND BUDGET JUSTIFICATION NARRATIVE
A9: APPLICANT COURT BUDGET SUMMARY FORM
A11: Fill in the outlined (red-bordered) entry cells only
A12: Applicant Court:
A13: Court Fiscal Contact (Name & Title) | C13: Phone Number:
C14: Email Address:
A15: Date: | B15: 46478
A16: If have more than three subcontractors, STOP and contact Jodi.Mulligan-Pfile@jud.ca.gov for different Budget Form.
A17: Please note there is a 20% matching funds requirement
A18: Budget Categories | C18: Access to Visitation (AV) Funds | D18: Match | E18: Program Income
A19: Salaries | C19: =D49 -> 0 | D19: =E49 -> 0
A20: Fringe Benefits | C20: =D64 -> 0 | D20: =E64 -> 0
A21: Training and Travel Expenses | C21: =D77 -> 0 | D21: =E77 -> 0
A22: Other Direct Costs | C22: =D89 -> 0 | D22: =E89 -> 0
A23: Contractual & Consultant Services | C23: ='Subcontractor #1'!C72+'Subcontractor #2'!C79+'Subcontractor #3'!C82 -> 0 | D23: ='Subcontractor #1'!D72+'Subcontractor #2'!D79+'Subcontractor #3'!D82 -> 0 | E23: ='Subcontractor #1'!E72+'Subcontractor #2'!E79+'Subcontractor #3'!E82 -> 0
A24: Indirect Costs | C24: =D107 -> 0 | D24: =E107 -> 0
A25: TOTAL | C25: =SUM(C19:C24) -> 0 | D25: =SUM(D19:D24) -> 0 | E25: =E23 -> 0
A27: ACCESS TO VISITATION GRANT PROGRAM
A29: APPLICANT COURT BUDGET FORM AND JUSTIFICATION NARRATIVE
A30: Fiscal Year 2027–2028
A32: Applicant Court: | B32: =B12 -> 0
A33: Court Fiscal Contact (Name & Title) | B33: =B13 -> 0 | C33: Phone Number: | D33: =D13 -> 0
C34: Email Address: | D34: =D14 -> 0
A35: Date: | B35: =B15 -> 46478
A37: Instructions: There is a 20% non-federal matching funds requirement for the grant. The match can be cash or in- kind. Match must meet allowable cost criteria. Describe the source of the match and projected costs to meet the match requirement.
A38: SALARIES
A39: Instructions: This budget category should include salaries for individuals/employee of the court whose work is related to the administration and operation of the grant program. See the budget instructions for additoinal guidance.
A40: Populate rows 42-44 for AV Funds and populate rows 45-48 for Match)
A41: Position | B41: Annual Salary (or Hourly Rate) | C41: FTE (or No. of Hours) | D41: AV Funds | E41: Match
D42: =B42*C42 -> 0
D43: =B43*C43 -> 0
D44: =B44*C44 -> 0
E45: =B45*C45 -> 0
E46: =B46*C46 -> 0
E47: =B47*C47 -> 0
E48: =B48*C48 -> 0
A49: TOTAL | D49: =SUM(D42:D48) -> 0 | E49: =SUM(E42:E48) -> 0
A51: BUDGET JUSTIFICATION: Describe the role and responsibilities of each position.
A54: FRINGE BENEFITS
A55: Instructions: This budget category should contain only the cost of employer-paid fringe benefits such as health insurance, FICA, unemployment insurance, workers’ compensation, etc. for those individuals who are directly involved in the administration/operation of the grant Program. See the budget instructions for additional gudiance. (Use rows 57-59 for AV funds; Rows 61-64 for Match.)
A56: Position | B56: Amount | C56: Benefit Rate | D56: AV Funds | E56: Match
A57: =A42 -> 0 | B57: =D42 -> 0 | D57: =B57*C57 -> 0
A58: =A43 -> 0 | B58: =D43 -> 0 | D58: =B58*C58 -> 0
A59: =A44 -> 0 | B59: =D44 -> 0 | D59: =B59*C59 -> 0
A60: =A45 -> 0 | B60: =E45 -> 0 | E60: =B60*C60 -> 0
A61: =A46 -> 0 | B61: =E46 -> 0 | E61: =B61*C61 -> 0
A62: =A47 -> 0 | B62: =E47 -> 0 | E62: =B62*C62 -> 0
A63: =A48 -> 0 | B63: =E48 -> 0 | E63: =B63*C63 -> 0
A64: TOTAL | D64: =SUM(D57:D63) -> 0 | E64: =SUM(E57:E63) -> 0
A66: BUDGET JUSTIFICATION: List all components of fringe benefit and the rate below.
A67: Fringe Benefits include: Social Security Medicare, Cafeteria Benefit Plan, Retirement, Workers' Comp, Life Insurance, Short Term Disability, Survivors' Benefit, Medical, Dental, and Vision Benefits.
A69: TRAINING AND TRAVEL EXPENSES
A70: Instructions: Training expenses and related travel costs shall not exceed Judicial Council approved rates. The Access to Visitation Grant will not reimburse grantees to attend non-Judicial Council sponsored conferences or trainings. Include required Family Code Section 3200.5/Standard 5.20 training, if applicable, as well as mandatory grantee meetings. See the budget instructions for additional guidance.
A71: Purpose Of Travel | D71: AV Funds | E71: Match
A77: TOTAL | D77: =SUM(D72:D76) -> 0 | E77: =SUM(E72:E76) -> 0
A79: BUDGET JUSTIFICATION: Describe the purpose of the travel, type of training or meeting, number of attendees and staff positions, and costs related to the training and travel (e.g., air, hotel, parking, meals, mileage, etc.).
A82: OTHER DIRECT COSTS
A83: Instructions: List costs of materials or expenses for the administration and operation of the grant program. For example, office supplies, postage, printing, rent, liability insurance, fingerprinting, and equipment for the administration and operation of the grant program. Computer equipment and purchases require Judicial Council program staff pre-approval. These costs may be included in the budget but cannot be purchased until approval is granted. See the budget instructions for allowable and unallowable costs.
A84: Items | D84: AV Funds | E84: Match
A89: TOTAL | D89: =SUM(D85:D88) -> 0 | E89: =SUM(E85:E88) -> 0
A91: CONTRACTUAL & CONSULTANT SERVICES
A92: Instructions: This budget category should contain any professional consultant services and associated costs necessary to complete program objectives. This category also includes contracts to subcontracting agencies and generally includes funds paid to non-employees for services or products. See the budget instructions for additional gudiance. If have more than three subcontractors, STOP and contact Jodi.Mulligan-Pfile@jud.ca.gov for different Budget Form.
A93: Subcontractor Name | B93: Service | D93: AV Funds | E93: Match
D94: ='Subcontractor #1'!C72 -> 0 | E94: ='Subcontractor #1'!D72 -> 0
D95: ='Subcontractor #2'!C79 -> 0 | E95: ='Subcontractor #2'!D79 -> 0
D96: ='Subcontractor #3'!C82 -> 0 | E96: ='Subcontractor #3'!D82 -> 0
A97: TOTAL | D97: =SUM(D94:D96) -> 0 | E97: =SUM(E94:E96) -> 0
A99: BUDGET JUSTIFICATION: Explain the need for contractual services and how the services relate to the grant program.
A102: INDIRECT COSTS
A103: Instructions: Indirect costs can only be claimed by the court at the state or federal approved rate not to exceed 20%. Only courts that budget for personnel expenses are allowed to claim indirect costs under this grant program. See the budget instructions for additional guidance.
A104: Description | C104: Computations | D104: AV Funds | E104: Match
A107: TOTAL | D107: =SUM(D105:D106) -> 0 | E107: =SUM(E105:E106) -> 0
A109: PROGRAM INCOME
A110: Instructions: Provide an estimate of how much program income (e.g., client fees) will be collected during the fiscal year under the Access to Visitation Grant Program. See the budget instructions for additional gudiance.
A111: Subcontracting Agencies | B111: Source of Program Income | E111: Total Estimated Program Income to be Collected
A115: If have more than three subcontractors, STOP and contact Jodi.Mulligan-Pfile@jud.ca.gov for different Budget Form.
A116: TOTAL | E116: =SUM(E112:E114) -> 0
A118: TOTAL BUDGET REQUEST | B118: Access to Visitation Funds | D118: Match | E118: Program Income
B119: =D49+D64+D77+D89+D97+D107 -> 0 | D119: =E49+E64+E77+E89+E97+E107 -> 0 | E119: =E116 -> 0

Sheet Subcontractor #1
A1: ACCESS TO VISITATION GRANT PROGRAM
A2: SUBCONTRACTOR AGENCY BUDGET FORM AND BUDGET JUSTIFICATION NARRATIVE
A3: Fiscal Year 2027–2028
A4: Fill in the outlined (red-bordered) entry cells only
A5: Applicant Court: | B5: ='Applicant Court'!B12 -> 0
A6: Court Fiscal Contact (Name & Title) | B6: ='Applicant Court'!B13 -> 0 | C6: Phone Number: | D6: ='Applicant Court'!D13 -> 0
C7: E-Mail Address: | D7: ='Applicant Court'!D14 -> 0
A8: Subcontractor Agency Name: | B8: ='Applicant Court'!A94 -> 0
A9: Subcontractor Contact (Name & Title) | C9: Phone Number:
C10: E-Mail Address:
A11: Date: | B11: ='Applicant Court'!B15 -> 46478
A13: Subcontractor Hourly Costs
A14: Instructions: This budget category should include a flat hourly rate for individual whose work is related to the administration and operation of the grant program. Use the hourly rate for computations. See the budget instructions for additional guidance. (Rows 16-25 for AV funds; Rows 26-34 for Match.)
A15: Position | B15: Hourly Rate | C15: Hours | D15: AV Funds | E15: Match (Rows 26-34)
D16: =B16*C16 -> 0
D17: =B17*C17 -> 0
D18: =B18*C18 -> 0
D19: =B19*C19 -> 0
D20: =B20*C20 -> 0
D21: =B21*C21 -> 0
D22: =B22*C22 -> 0
D23: =B23*C23 -> 0
D24: =B24*C24 -> 0
D25: =B25*C25 -> 0
E26: =B26*C26 -> 0
E27: =B27*C27 -> 0
E28: =B28*C28 -> 0
E29: =B29*C29 -> 0
E30: =B30*C30 -> 0
E31: =B31*C31 -> 0
E32: =B32*C32 -> 0
E33: =B33*C33 -> 0
E34: =B34*C34 -> 0
A35: TOTAL | D35: =SUM(D16:D34) -> 0 | E35: =SUM(E16:E34) -> 0
A36: BUDGET JUSTIFICATION: Describe the role and responsibilities of each position.
A38: TRAINING AND TRAVEL EXPENSES
A39: Instructions: Training expenses and related travel costs shall not exceed Judicial Council approved rates. The Access to Visitation Grant will not reimburse grantees to attend non-Judicial Council sponsored conferences or trainings. Include required Family Code Section 3200.5/Standard 5.20 training, if applicable, as well as mandatory grantee meetings. See the budget instructions for additional guidance.
A40: Purpose Of Travel | D40: AV Funds | E40: Match
A46: TOTAL | D46: =SUM(D41:D45) -> 0 | E46: =SUM(E41:E45) -> 0
A48: BUDGET JUSTIFICATION: Describe the purpose of the travel, type of trainig or meeting, number of attendees and staff positions, and related costs for training and travel (e.g., air, hotel, parking, meals, mileage, etc.).
A50: OTHER DIRECT COSTS
A51: Instructions: List costs of materials or expenses for the administration and operation of the grant program. For example, office supplies, postage, printing, rent, liability insurance, fingerprinting, and equipment for the administration and operation of the grant program. Computer equipment and purchases require Judicial Council program staff pre-approval. These costs may be included in the budget but cannot be purchased until approval is granted. See the budget instructions for allowable and unallowable costs.
A52: Items | D52: AV Funds | E52: Match
A58: TOTAL | D58: =SUM(D53:D57) -> 0 | E58: =SUM(E53:E57) -> 0
A60: PROGRAM INCOME
A61: Instructions: Provide an estimate of how much program income (e.g., client fees) will be collected during the fiscal year under the Access to Visitation Grant Program. See the budget instructions for additional guidance.
A62: Source of Program Income (Non-Custodial Parents) | E62: Total Estimated Program Income to be Collected
A69: TOTAL | E69: =SUM(E63:E68) -> 0
A71: =B8 -> 0 | C71: Access to Visitation Funds | D71: Match | E71: Program Income
C72: =D35+D46+D58 -> 0 | D72: =E35+E46+E58 -> 0 | E72: =E69 -> 0

Sheet Subcontractor #2
A1: ACCESS TO VISITATION GRANT PROGRAM
A2: SUBCONTRACTOR AGENCY BUDGET FORM AND BUDGET JUSTIFICATION NARRATIVE
A3: Fiscal Year 2027–2028
A4: Fill in the outlined (red-bordered) entry cells only
A5: Applicant Court: | B5: ='Applicant Court'!B32 -> 0
A6: Court Fiscal Contact (Name & Title) | B6: ='Applicant Court'!B33 -> 0 | C6: Phone Number: | D6: ='Applicant Court'!D13 -> 0
C7: E-Mail Address: | D7: ='Applicant Court'!D14 -> 0
A8: Subcontractor Agency Name: | B8: ='Applicant Court'!A95 -> 0
A9: Subcontractor Contact (Name & Title) | C9: Phone Number:
C10: E-Mail Address:
A11: Date: | B11: ='Applicant Court'!B35 -> 46478
A13: Subcontractor Hourly Costs
A14: Instructions: This budget category should include a flat hourly rate for individual whose work is related to the administration and operation of the grant program. Use the hourly rate for computations. See the budget instructions for additional guidance. (Rows 16-25 for AV funds; Rows 26-34 for Match.)
A15: Position | B15: Hourly Rate | C15: Hours | D15: AV Funds | E15: Match (Rows 26-34)
D16: =B16*C16 -> 0
D17: =B17*C17 -> 0
D18: =B18*C18 -> 0
D19: =B19*C19 -> 0
D20: =B20*C20 -> 0
D21: =B21*C21 -> 0
D22: =B22*C22 -> 0
D23: =B23*C23 -> 0
D24: =B24*C24 -> 0
D25: =B25*C25 -> 0
E26: =B26*C26 -> 0
E27: =B27*C27 -> 0
E28: =B28*C28 -> 0
E29: =B29*C29 -> 0
E30: =B30*C30 -> 0
E31: =B31*C31 -> 0
E32: =B32*C32 -> 0
E33: =B33*C33 -> 0
E34: =B34*C34 -> 0
A35: TOTAL | D35: =SUM(D16:D34) -> 0 | E35: =SUM(E16:E34) -> 0
A37: BUDGET JUSTIFICATION: Describe the role and responsibilities of each position.
A40: TRAINING AND TRAVEL EXPENSES
A41: Instructions: Training expenses and related travel costs shall not exceed Judicial Council approved rates. The Access to Visitation Grant will not be able to reimburse grantees to attend non-Judicial Council sponsored conferences or trainings. Include required Family Code Section 3200.5/Standard 5.20 training , if applicable, as well as mandatory grantee meetings. See the budget instructions for additional gudiance.
A42: Purpose Of Travel | D42: AV Funds | E42: Match
A48: TOTAL | D48: =SUM(D43:D47) -> 0 | E48: =SUM(E43:E47) -> 0
A50: BUDGET JUSTIFICATION: Describe the purpose of the travel, type of training or meeting, number of attendees, and staff positions, and related costs for training and travel (e.g., air, hotel, parking, meals, mileage, etc.).
A53: OTHER DIRECT COSTS
A54: Instructions: List costs of materials or expenses for the administration and operation of the grant program. For example, office supplies, postage, printing, rent, liability insurance, fingerprinting, and equipment for the administration and operation of the grant program. Computer equipment and purchases require Judicial Council program staff pre-approval. These costs may be included in the budget but cannot be purchased until approval is granted. See the budget instructions for allowable and unallowable costs.
A55: Items | D55: AV Funds | E55: Match
A65: TOTAL | D65: =SUM(D56:D64) -> 0 | E65: =SUM(E56:E64) -> 0
A67: PROGRAM INCOME
A68: Instructions: Provide an estimate of how much program income (e.g., client fees) will be collected during the fiscal year under the Access to Visitation Grant Program. See the budget instructions for additional guidance.
A69: Source of Program Income (Non-Custodial Parents) | E69: Total Estimated Program Income to be Collected
A76: TOTAL | E76: =SUM(E70:E75) -> 0
A78: =B8 -> 0 | C78: Access to Visitation Funds | D78: Match | E78: Program Income
C79: =D35+D48+D65 -> 0 | D79: =E35+E48+E65 -> 0 | E79: =E76 -> 0

Sheet Subcontractor #3
A1: ACCESS TO VISITATION GRANT PROGRAM
A2: SUBCONTRACTOR AGENCY BUDGET FORM AND BUDGET JUSTIFICATION NARRATIVE
A3: Fiscal Year 2027–2028
A4: Fill in the outlined (red-bordered) entry cells only
A5: Applicant Court: | B5: ='Applicant Court'!B32 -> 0
A6: Court Fiscal Contact (Name & Title) | B6: ='Applicant Court'!B33 -> 0 | C6: Phone Number: | D6: ='Applicant Court'!D13 -> 0
C7: E-Mail Address: | D7: ='Applicant Court'!D14 -> 0
A8: Subcontractor Agency Name: | B8: ='Applicant Court'!A96 -> 0
A9: Subcontractor Contact (Name & Title) | C9: Phone Number:
C10: E-Mail Address:
A11: Date: | B11: ='Applicant Court'!B35 -> 46478
A13: Subcontractor Hourly Costs
A14: Instructions: This budget category should include a flat hourly rate for individual whose work is related to the administration and operation of the grant program. Use the hourly rate for computations. See the budget instructions for additional guidance. (Rows 16-25 for AV funds; Rows 26-34 for Match.)
A15: Position | B15: Hourly Rate | C15: Hours | D15: AV Funds | E15: Match (Rows 26-34)
D16: =B16*C16 -> 0
D17: =B17*C17 -> 0
D18: =B18*C18 -> 0
D19: =B19*C19 -> 0
D20: =B20*C20 -> 0
D21: =B21*C21 -> 0
D22: =B22*C22 -> 0
D23: =B23*C23 -> 0
D24: =B24*C24 -> 0
D25: =B25*C25 -> 0
E26: =B26*C26 -> 0
E27: =B27*C27 -> 0
E28: =B28*C28 -> 0
E29: =B29*C29 -> 0
E30: =B30*C30 -> 0
E31: =B31*C31 -> 0
E32: =B32*C32 -> 0
E33: =B33*C33 -> 0
E34: =B34*C34 -> 0
A35: TOTAL | D35: =SUM(D16:D34) -> 0 | E35: =SUM(E16:E34) -> 0
A37: BUDGET JUSTIFICATION: Describe the role and responsibilities of each position.
A40: TRAINING AND TRAVEL EXPENSES
A41: Instructions: Training expenses and related travel costs shall not exceed Judicial Council approved rates. The Access to Visitation Grant will not be able to reimburse grantees to attend non-Judicial Council sponsored conferences or trainings. Include required Family Code Section 3200.5/Standard 5.20 training , if applicable, as well as mandatory grantee meetings. See the budget instructions for additional gudiance.
A42: Purpose Of Travel | D42: AV Funds | E42: Match
A48: TOTAL | D48: =SUM(D43:D47) -> 0 | E48: =SUM(E43:E47) -> 0
A50: BUDGET JUSTIFICATION: Describe the purpose of the travel, type of training or meeting, number of attendees, and staff positions, and related costs for training and travel (e.g., air, hotel, parking, meals, mileage, etc.).
A53: OTHER DIRECT COSTS
A54: Instructions: List costs of materials or expenses for the administration and operation of the grant program. For example, office supplies, postage, printing, rent, liability insurance, fingerprinting, and equipment for the administration and operation of the grant program. Computer equipment and purchases require Judicial Council program staff pre-approval. These costs may be included in the budget but cannot be purchased until approval is granted. See the budget instructions for allowable and unallowable costs.
A55: Items | D55: AV Funds | E55: Match
A68: TOTAL | D68: =SUM(D56:D67) -> 0 | E68: =SUM(E56:E67) -> 0
A70: PROGRAM INCOME
A71: Instructions: Provide an estimate of how much program income (e.g., client fees) will be collected during the fiscal year under the Access to Visitation Grant Program. See the budget instructions for additional guidance.
A72: Source of Program Income (Non-Custodial Parents) | E72: Total Estimated Program Income to be Collected
A79: TOTAL | E79: =SUM(E73:E78) -> 0
A81: =B8 -> 0 | C81: Access to Visitation Funds | D81: Match | E81: Program Income
C82: =D35+D48+D68 -> 0 | D82: =E35+E48+E68 -> 0 | E82: =E79 -> 0
